 Dungeon Crawl Stone Soup version 0.32-a0-450-g080537f31e (webtiles) character file.

Game seed: 17005920807375466597

186 Juicyj the Chopper (level 5, 0/41 HPs)
             Began as a Coglin Gladiator on Feb 23, 2024.
             Slain by a kobold
             ... wielding a +0 whip
              (4 damage)
             ... on level 4 of the Dungeon.
             The game lasted 00:06:51 (2762 turns).

Juicyj the Chopper (Coglin Gladiator)               Turns: 2762, Time: 00:06:52

Health: 0/41       AC:  6    Str: 17    XL:     5   Next: 65%
Magic:  5/5        EV: 13    Int:  7    God:
Gold:   162        SH:  0    Dex: 15    Spells: 4/4 levels left

rFire   . . .        a - +0 war axe {Shedsu-nefertum}
rCold   . . .        p - +0 short sword {Aiguo}
rNeg    . . .        b - +0 leather armour
rPois   .            c - +0 helmet
rElec   .            (no cloak)
rCorr   .            q - +1 pair of gloves
SInv    .            (no boots)
Will    .....        (no amulet)
Stlth   +            (no ring)
HPRegen 0.26/turn    (no ring)
MPRegen 0.09/turn

%: no passive effects
@: lethally poisoned (0 -> -12), hasted, revved, very quick
A: off-hand wielding, slow wielding, warmup strikes, legs shutdown
a: no special abilities


You were on level 4 of the Dungeon.
You visited 1 branch of the dungeon, and saw 4 of its levels.

You collected 162 gold pieces.

Inventory:

Hand Weapons
 a - a +0 war axe (weapon) {Shedsu-nefertum}
 p - a +0 short sword (offhand) {Aiguo}
Missiles
 d - 3 throwing nets (quivered)
 e - a javelin
Armour
 b - a +0 leather armour (worn)
 c - a +0 helmet (worn)
 q - a +1 pair of gloves (worn)
Scrolls
 g - 2 scrolls of identify {unknown}
 h - 4 scrolls of teleportation {unknown}
 i - a scroll of blinking {unknown}
 r - a scroll of poison {unknown}
 s - a scroll of enchant weapon {unknown}
 t - a scroll of enchant armour {unknown}
Potions
 f - a potion of enlightenment {unknown}
 j - a potion of haste
 k - 2 potions of heal wounds {unknown}
 l - a potion of curing {unknown}
 m - a potion of lignification {unknown}
 n - 2 potions of might {unknown}
 o - a potion of brilliance {unknown}


   Skills:
 + Level 3.3 Fighting
 + Level 4.0 Axes
 + Level 2.9 Throwing
 + Level 3.6 Dodging


You had 4 spell levels left.
You didn't know any spells.
Your spell library contained the following spells:

 Spells                   Type           Power      Damage    Failure   Level
 Apportation              Tloc           0%         N/A       50%         1
 Shock                    Conj/Air       0%         1d3       50%         1
 Jinxbite                 Hex            0%         N/A       65%         2
 Summon Ice Beast         Ice/Summ       0%         N/A       86%         3
 Swiftness                Air            0%         N/A       86%         3
 Airstrike                Air            0%         2d(0-16)  99%         4
 Alistair's Intoxication  Alch           0%         N/A       100%        5
 Summon Mana Viper        Hex/Summ       0%         N/A       100%        5
 Monstrous Menagerie      Summ           0%         N/A       100%        7


Dungeon Overview and Level Annotations

Branches:
Dungeon (4/15)
 Temple: D:4-7

Altars:

Shops:
D:1 [!!


Innate Abilities, Weirdness & Mutations

You can wield a second weapon in your off-hand.
It takes a long time for you to wield or remove held weapons.
Your first few attacks do less damage.
Attacking and casting redirects power from your legs.


Message History

You barely miss the hobgoblin with your +0 war axe.
The scorpion barely misses you. The hobgoblin hits you.
You hit the scorpion but do no damage.
The scorpion is lightly wounded.
You closely miss the scorpion with your +0 war axe.
You hit the hobgoblin with your +0 war axe.
The scorpion closely misses you. The hobgoblin completely misses you.
The scorpion stings you.
You are poisoned.
The scorpion poisons you!
The hobgoblin hits you but does no damage.
You hit the hobgoblin with your +0 short sword.
You kill the hobgoblin!
You hit the scorpion with your +0 war axe.
You feel very sick. The scorpion stings you.
You barely miss the scorpion with your +0 short sword.
The scorpion is moderately wounded.
You barely miss the scorpion with your +0 war axe.
You slash the goblin with your +0 war axe!
You kill the goblin!
You feel sick. The scorpion stings you.
You are more poisoned.
The scorpion poisons you!
You hit the scorpion with your +0 short sword.
The scorpion is heavily wounded.
You hit the scorpion with your +0 war axe.
You barely miss the kobold with your +0 war axe.
You feel very sick. The scorpion stings you.
The kobold hits you but does no damage. The scorpion stings you.
* * * LOW HITPOINT WARNING * * *
It was a potion of haste.
You feel yourself speed up.
You are no longer unable to travel.
* * * LOW HITPOINT WARNING * * *
You feel very sick. The scorpion stings you.
* * * LOW HITPOINT WARNING * * *
The kobold hits you with a +0 whip.
You die...

..#. #..#
#.#.####...#
...........#
#........... #######
#..#.......# ....?..
#.##........
...?...###.##.)......
.........$...@Kg.....
.......##..!#.s.....#
........[.#..###...).
.............# ....
.............# ...
~...~.~~<....# ..
~~~~~~≈.......~. .
~~~~~≈.≈......~.
~~~~~~≈≈≈.....~..


You could see a scorpion, a gnoll and a kobold.

Vanquished Creatures
  2 orc wizards (D:3)
  2 gnolls (D:4)
  4 adders
  A dart slug (D:2)
  2 ribbon worms
  10 orcs (D:3)
  7 endoplasms
  A giant cockroach (D:3)
  6 goblins
  8 hobgoblins
  2 jackals (D:1)
  2 quokkas (D:3)
  4 ball pythons (D:2)
  5 bats
  5 frilled lizards
  5 kobolds
  A rat (D:3)
67 creatures vanquished.

Notes
Turn   | Place    | Note
-------+----------+-------------------------------------------
     0 | D:1      | Juicyj the Coglin Gladiator began the quest for the Orb.
     0 | D:1      | Reached XP level 1. HP: 16/16 MP: 1/1
   308 | D:1      | Reached XP level 2. HP: 14/22 MP: 2/2
   487 | D:1      | Found Vuukul's Antique Armour Boutique.
   707 | D:1      | Found a transporter.
   711 | D:1      | Found Qiofrueg's Distillery.
   814 | D:1      | Found Ysuagg's Distillery.
   865 | D:1      | Found a transporter.
  1315 | D:2      | Reached XP level 3. HP: 26/28 MP: 3/3
  2012 | D:3      | Reached XP level 4. HP: 34/34 MP: 4/4
  2260 | D:3      | Reached XP level 5. HP: 41/41 MP: 5/5
  2757 | D:4      | Reached skill level 4 in Axes
  2762 | D:4      | Slain by a kobold

Illustrated notes

Levels and vault maps discovered:
D:1:      heliophobic_arrival_battle_scene, layout_loops_corners, serial_shops,
          shop, nicolae_shop_drivethru, shop
D:2:      layout_basic, kennysheep_decorative_pillar,
          hangedman_decor_peaks_small
D:3:      layout_basic, serial_bayou_pond_c, serial_bayou_pond_e
D:4:      layout_rooms, serial_rivers, chequers_serial_rivers_micro_a,
          chequers_serial_rivers_large_a, chequers_serial_rivers_micro_a,
          chequers_serial_rivers_room_a, chequers_serial_rivers_micro_e

Skill      XL: |  1  2  3  4  5 |
---------------+----------------+-----
Throwing       | 2 |  2.9
Dodging        | 3 |  3.6
Fighting       | 3 |  3.3
Axes           | 4 |  4.0

Action                     |  1- 3 |  4- 6 || total
---------------------------+-------+-------++-------
  Melee: War axe           |    71 |    89 ||   160
         Short sword       |    30 |    80 ||   110
    Use: Potion            |       |     1 ||     1
 Armour: Leather armour    |    41 |    71 ||   112
  Dodge: Dodged            |    44 |    64 ||   108

Table legend: (Time is in decaauts)
 A = Elapsed time spent in this place.
 B = Non-inter-level travel time spent in this place.
 C = Inter-level travel time spent in this place.
 D = Time resting spent in this place.
 E = Time spent auto-exploring this place.
 F = Levels seen in this place.
 G = Mean time per level.
                   A        B        C        D        E       F      G
               +--------+--------+--------+--------+--------+-----+--------+
         Total |   2790 |   2580 |    210 |      0 |   2117 |   4 |  697.5 |
       Dungeon |   2790 |   2580 |    210 |      0 |   2117 |   4 |  697.5 |
               +--------+--------+--------+--------+--------+-----+--------+

Top non-repeatable levels by time:
     D:1: 1171 daAuts
     D:2: 807 daAuts
     D:3: 786 daAuts
     D:4: 25 daAuts
